 Dungeon Crawl Stone Soup version 0.30.0-5-g1a98f26d00 (webtiles) character file.

Game seed: 1705011958483591370

5937 Irreverend the Basher (level 10, -4/136 HPs)
             Began as a Minotaur Berserker on May 10, 2023.
             Was an Elder of Trog.
             Killed from afar by an electric eel (12 damage)
             ... with a bolt of electricity
             ... on level 9 of the Dungeon.
             The game lasted 00:11:43 (7049 turns).

Irreverend the Basher (Minotaur Berserker)          Turns: 7049, Time: 00:11:44

Health: -4/136     AC:  7    Str: 26    XL:     10   Next: 54%
Magic:  9/9        EV: 14    Int:  4    God:    Trog [****..]
Gold:   661        SH:  5    Dex: 10    Spells: 9/9 levels left

rFire   + . .        y - +4 flail (protect)
rCold   x . .        (no shield)
rNeg    . . .        A - +0 steam dragon scales
rPois   .            (helmet restricted)
rElec   .            (no cloak)
rCorr   .            (no gloves)
SInv    .            (no boots)
Will    +++..        k - amulet of reflection Stlth
                     m - ring of fire
HPRegen 1.42/turn    t - ring of willpower
MPRegen 0.11/turn

%: reflection
@: berserking, strong-willed, regenerating, very quick
A: horns 2, retaliatory headbutt
a: Renounce Religion, Berserk, Trog's Hand, Brothers in Arms


You were on level 9 of the Dungeon.
You worshipped Trog.
Trog was greatly pleased with you.
You visited 1 branch of the dungeon, and saw 10 of its levels.

You collected 661 gold pieces.

Inventory:

Hand Weapons
 y - a +4 flail of protection (weapon)
 G - a +0 dire flail
Missiles
 E - a throwing net (quivered)
Armour
 A - +0 steam dragon scales (worn)
Jewellery
 k - an amulet of reflection (around neck)
 m - a ring of fire (left hand)
 t - a ring of willpower (right hand)
Wands
 r - a wand of flame (24)
 v - a wand of charming (6)
 F - a wand of roots (10)
Scrolls
 a - a scroll of enchant armour {unknown}
 b - 2 scrolls of poison {unknown}
 c - 6 scrolls of vulnerability {unknown}
 d - 7 scrolls of identify {unknown}
 i - 7 scrolls of teleportation {unknown}
 j - 2 scrolls of amnesia {unknown}
 n - a scroll of fear {unknown}
 p - 5 scrolls of fog {unknown}
 u - 2 scrolls of brand weapon {unknown}
 w - a scroll of silence {unknown}
 x - a scroll of enchant weapon {unknown}
Potions
 e - a potion of berserk rage {unknown}
 f - 3 potions of heal wounds {unknown}
 g - 2 potions of lignification {unknown}
 h - 2 potions of invisibility {unknown}
 l - 4 potions of curing {unknown}
 o - a potion of might {unknown}
 q - 2 potions of magic {unknown}
 s - a potion of mutation {unknown}
 z - a potion of flight {unknown}
 B - a potion of degeneration {unknown}
 C - a potion of haste {unknown}
 D - 2 potions of attraction {unknown}


   Skills:
 + Level 9.3 Fighting
 * Level 12.5 Maces & Flails
 + Level 8.9 Armour
 + Level 8.1 Dodging


You had 9 spell levels left.
You didn't know any spells.
Your spell library contained the following spells:

 Spells                   Type           Power      Damage    Failure   Level
 Sandblast                Erth           0%         2d4       50%         1
 Passwall                 Tmut/Erth      0%         N/A       65%         2
 Stone Arrow              Conj/Erth      0%         3d7       86%         3


Dungeon Overview and Level Annotations

Branches:
Dungeon (10/15)            Temple (0/1) D:6
   Lair: D:8-11         Orc: D:9-12

Altars:
Dithmenos
Okawaru
Ru
Trog
Vehumet
Wu Jian
Yredelemnul
The Shining One

Annotations:
D:7 4 transporters, Valagong's ghost, amateur MiFi


Innate Abilities, Weirdness & Mutations

You have a pair of horns on your head.
You reflexively headbutt those who attack you in melee.


Message History

The electric eel shoots out a bolt of lightning at you!
The bolt of electricity hits you. The bolt of electricity misses you.
The electric eel shoots out a bolt of lightning at you!
The bolt of electricity hits you.
The electric eel shoots out a bolt of lightning at you!
The bolt of electricity misses you. The bolt of electricity hits you!
The bolt of electricity hits the electric eel.
The electric eel completely resists.
You hear the faint creaking of a very distant portcullis.
The electric eel shoots out a bolt of lightning at you!
The bolt of electricity hits you!
You sock the electric eel!
Your weapon exudes an aura of protection.
The electric eel is severely wounded.
You barely miss the electric eel.
The electric eel is severely wounded.
You bludgeon the electric eel!!
You kill the electric eel!
Trog accepts your kill.
You hear a splash.
You start resting.
An electric eel comes into view.
The electric eel shoots out a bolt of lightning at you!
The bolt of electricity hits you! x2
* * * LOW HITPOINT WARNING * * *
The electric eel shoots out a bolt of lightning at you!
The bolt of electricity hits you!
* * * LOW HITPOINT WARNING * * *
The bolt of electricity misses you.
The electric eel shoots out a bolt of lightning at you!
The bolt of electricity hits you!
* * * LOW HITPOINT WARNING * * *
Your skin crawls.
You feel strong-willed.
A red film seems to cover your vision as you go berserk!
You feel yourself moving faster!
You feel mighty! Trog will no longer gift you weapons.
The electric eel shoots out a bolt of lightning at you!
The bolt of electricity hits you!
You die...

#>........#
#.........#
#.........#
#..††.....#
#....†§...#
#.###).#### .
#.##...# .##
#.##.#.######..##
#.##.#.#.@.......
#........≈S≈≈≈≈≈≈
#.##.##..≈≈≈≈≈≈≈≈
#.##..≈≈######
#.....≈≈#
####..≈≈# #..≈≈#
....≈≈# ##.#.≈≈#


You could see an electric eel.

Vanquished Creatures
  2 two-headed ogres (D:10)
  A troll (D:10)
  6 yaks (D:10)
  A steam dragon (D:6)
  Menkaure (D:5)
  Edmund (D:5)
  Duvessa (D:7)
  A water moccasin (D:7)
  2 ice beasts
  A sky beast (D:6)
  An ogre (D:6)
  2 wolves (D:9)
  3 centaurs
  A kobold brigand (D:9)
  Blork the orc (D:4)
  3 bullfrogs
  4 scorpions
  5 wights (D:8)
  Dowan (D:7)
  5 killer bees (D:10)
  An electric eel (D:9)
  2 howler monkeys
  3 hounds
  5 jellies
  An orc priest (D:7)
  A gnoll bouda (D:8)
  3 iguanas
  Ijyb (D:3)
  Terence (D:3)
  7 orc wizards
  11 gnolls
  6 adders
  3 shadow imps
  A worm (D:3)
  16 orcs
  7 ball pythons
  7 endoplasms
  5 giant cockroaches
  8 goblins
  8 hobgoblins
  9 jackals
  15 kobolds
  4 quokkas
  7 bats
  3 frilled lizards
  18 rats
  A spectral orc (D:8)
197 creatures vanquished.

Vanquished Creatures (collateral kills)
  Grum (D:9)
  2 wolves (D:9)
  A kobold (D:9)
4 creatures vanquished.

Vanquished Creatures (others)
  An adder (D:6)
1 creature vanquished.

Grand Total: 202 creatures vanquished

Notes
Turn   | Place    | Note
-------+----------+-------------------------------------------
     0 | D:1      | Irreverend the Minotaur Berserker began the quest for the
                  | Orb.
     0 | D:1      | Reached XP level 1. HP: 19/19 MP: 0/0
    67 | D:1      | Reached XP level 2. HP: 22/27 MP: 1/1
   205 | D:1      | Reached skill level 4 in Maces & Flails
   585 | D:2      | Reached XP level 3. HP: 25/33 MP: 2/2
   587 | D:2      | Reached ** piety under Trog
  1002 | D:2      | Found an ornate altar of the Wu Jian Council.
  1192 | D:3      | Noticed Ijyb
  1197 | D:3      | Killed Ijyb
  1198 | D:3      | Reached XP level 4. HP: 30/41 MP: 3/3
  1265 | D:3      | Noticed Terence
  1270 | D:3      | Killed Terence
  1364 | D:3      | Reached skill level 5 in Maces & Flails
  1418 | D:3      | Reached XP level 5. HP: 47/47 MP: 4/4
  1607 | D:3      | Found a radiant altar of Vehumet.
  1608 | D:3      | Found a bloodstained altar of Trog.
  1707 | D:3      | Reached *** piety under Trog
  1819 | D:3      | Found a sacrificial altar of Ru.
  2128 | D:4      | Noticed Blork the orc
  2140 | D:4      | Killed Blork the orc
  2141 | D:4      | Reached skill level 5 in Fighting
  2141 | D:4      | Reached XP level 6. HP: 13/56 MP: 0/5
  2223 | D:4      | Reached skill level 6 in Maces & Flails
  2729 | D:5      | Entered Level 5 of the Dungeon
  2816 | D:5      | Noticed an ice beast
  2821 | D:5      | Killed an ice beast
  2822 | D:5      | Reached XP level 7. HP: 61/61 MP: 6/6
  3520 | D:5      | Noticed Edmund
  3527 | D:5      | Killed Edmund
  3528 | D:5      | Reached skill level 7 in Maces & Flails
  3528 | D:5      | Reached skill level 5 in Armour
  3633 | D:5      | Reached **** piety under Trog
  3997 | D:5      | Noticed Menkaure
  4002 | D:5      | Killed Menkaure
  4114 | D:5      | Reached skill level 5 in Dodging
  4114 | D:5      | Reached XP level 8. HP: 70/70 MP: 7/7
  4175 | D:5      | Found an iron altar of Okawaru.
  4507 | D:6      | Reached skill level 8 in Maces & Flails
  4593 | D:6      | Found a staircase to the Ecumenical Temple.
  4792 | D:6      | Reached skill level 9 in Maces & Flails
  5360 | D:7      | Found a transporter.
  5365 | D:7      | Found a transporter.
  5367 | D:7      | Noticed Valagong's ghost (amateur MiFi)
  5368 | D:7      | Found a bloodstained altar of Trog.
  5371 | D:7      | Noticed a moth of wrath
  5382 | D:7      | Noticed a two-headed ogre
  5416 | D:7      | Reached XP level 9. HP: 79/79 MP: 8/8
  5438 | D:7      | Found a shadowy altar of Dithmenos.
  5578 | D:7      | Noticed Duvessa
  5582 | D:7      | Noticed Dowan
  5589 | D:7      | Killed Duvessa
  5590 | D:7      | Killed Dowan
  5743 | D:7      | Found a transporter.
  5775 | D:7      | Found a transporter.
  5815 | D:7      | Reached skill level 10 in Maces & Flails
  5862 | D:7      | Found a glowing golden altar of the Shining One.
  6164 | D:8      | Found a basalt altar of Yredelemnul.
  6220 | D:8      | You fall into a shaft and drop 2 floors!
  6220 | D:10     | Entered Level 10 of the Dungeon
  6287 | D:10     | Noticed a two-headed ogre
  6304 | D:10     | Killed a two-headed ogre
  6305 | D:10     | Reached skill level 11 in Maces & Flails
  6359 | D:10     | Noticed a troll
  6362 | D:10     | Noticed a two-headed ogre
  6365 | D:10     | Killed a troll
  6376 | D:10     | Killed a two-headed ogre
  6377 | D:10     | Reached XP level 10. HP: 62/90 MP: 9/9
  6542 | D:10     | Reached ***** piety under Trog
  6567 | D:10     | Reached skill level 12 in Maces & Flails
  6996 | D:9      | Noticed Grum
  7004 | D:9      | Killed Grum
  7047 | D:9      | HP: 3/91 [electric eel/bolt of electricity (13)]
  7049 | D:9      | Killed from afar by an electric eel

Illustrated notes

Levels and vault maps discovered:
D:1:      erik_arrival_blinker_ship, layout_rooms, minmay_split_cup_large
D:2:      layout_basic, basic_altar, minmay_rat_gold_closets
D:3:      layout_loops_corners, nicolae_ru_great_annihilating_truth,
          mainiacjoe_overflow_big_doors, uniq_ijyb, uniq_terence
D:4:      layout_cave_pools, uniq_blork_the_orc
D:5:      layout_basic, mainiacjoe_overflow_paths, uniq_edmund, uniq_menkaure
D:6:      layout_rooms, minmay_temple_entry_steel_oval, serial_corexii_hall,
          corexii_hall_statues_t, corexii_hall_statues_i,
          corexii_hall_statues_l, chequers_hall_statues_y,
          corexii_hall_statues_t, chequers_hall_statues_wall_a
D:7:      gammafunk_steamed_eel, layout_loops_ring, tso_oasis_becter,
          old_standard_altar, gammafunk_ghost_wrathful_warriors, minivault_22,
          uniq_duvessa
D:8:      gammafunk_corrupted_shrine, layout_basic,
          yredelemnul_forgotten_temple_becter
D:9:      layout_loops_cross, nicolae_kikubaaqudgha_miasma_corner, erik_orc_2,
          serial_shops, shop_fountains, enter_bailey_5, uniq_grum
D:10:     layout_basic, uniq_nergalle

Skill      XL: |  1  2  3  4  5  6  7  8  9 10 |
---------------+-------------------------------+-----
Maces & Flails | 4 5 6 7 9 11 12 | 12.5
Fighting       | 4 5 6 7 8 9 |  9.3
Armour         | 3 4 5 6 8 |  8.9
Dodging        | 3 4 5 6 7 8 |  8.1

Action                     |  1- 3 |  4- 6 |  7- 9 | 10-12 || total
---------------------------+-------+-------+-------+-------++-------
  Melee: Mace              |    86 |       |       |       ||    86
         Headbutt          |    11 |    19 |    31 |    11 ||    72
         Club              |       |    78 |       |       ||    78
         Flail             |       |    29 |   195 |    52 ||   276
         Punch             |       |     1 |     1 |       ||     2
 Invoke: Berserk           |       |     2 |     5 |     1 ||     8
         Trog's Hand       |       |     1 |     2 |     1 ||     4
         Brothers in Arms  |       |       |       |     1 ||     1
   Stab: Sleeping          |     2 |       |     2 |       ||     4
         Paralysed         |       |     1 |       |       ||     1
 Armour: Animal skin       |    10 |       |       |       ||    10
         Leather armour    |     1 |    23 |    28 |       ||    52
         Steam dragon scal |       |       |    35 |    24 ||    59
  Dodge: Dodged            |    53 |    54 |    90 |    48 ||   245
  Block: Other             |     1 |    25 |    47 |    12 ||    85
         Reflection        |       |       |     3 |       ||     3
